 Dungeon Crawl Stone Soup version 0.29.0-5-ge4962eb29e (webtiles) character file.

Game seed: 10794394844480621742

14 ProzacElf the Slasher (level 2, 23/23 HPs)
             Began as a Vampire Cinder Acolyte on Aug 29, 2022.
             Was a High Priest of Ignis.
             Quit the game on level 1 of the Dungeon.
             The game lasted 00:01:40 (779 turns).

ProzacElf the Slasher (Vampire Cinder Acolyte)       Turns: 779, Time: 00:01:41

Health: 23/23      AC:  5    Str: 13    XL:     2   Next: 27%
Magic:  3/3        EV: 10    Int: 16    God:    Ignis [*****.]
Gold:   52         SH:  0    Dex:  9    Spells: 3/3 levels left

rFire   + . .      SeeInvis +   a - -1 falchion (flame)
rCold   . . .      Faith    .   (no shield)
rNeg    . . .      Spirit   .   g - +0 ring mail
rPois   .          Reflect  .   (no helmet)
rElec   .          Harm     .   (no cloak)
rCorr   .          Rampage  .   (no gloves)
Will    .....                   (no boots)
Stlth   +.........              e - amulet of magic regeneration
HPRegen 0.27/turn               (no ring)
MPRegen 0.48/turn               (no ring)

@: healing quickly
A: alive, fangs 3, see invisible, vampiric 1
a: Exsanguinate, Renounce Religion, Fiery Armour, Foxfire Swarm


You were on level 1 of the Dungeon.
You worshipped Ignis.
Ignis was extremely pleased with you.
You visited 1 branch of the dungeon, and saw 2 of its levels.

You collected 52 gold pieces.

Inventory:

Hand Weapons
 a - a -1 falchion of flaming (weapon)
 b - a +0 dagger
Armour
 g - a +0 ring mail (worn)
 h - a +0 robe
Jewellery
 e - an amulet of magic regeneration (around neck)
Scrolls
 c - a scroll of acquirement {unknown}
 d - a scroll of brand weapon {unknown}
 i - a scroll of teleportation {unknown}
 j - a scroll of identify {unknown}
 k - a scroll of enchant armour {unknown}
 l - a scroll of noise {unknown}
 m - a scroll of butterflies {unknown}


   Skills:
 - Level 2.6 Fighting
 + Level 3.3 Long Blades
 + Level 2.2 Stealth
 - Level 1.0 Spellcasting
 - Level 2.4 Fire Magic


You had 3 spell levels left.
You didn't know any spells.
Your spell library contained the following spells:

 Spells                   Type           Power      Damage    Failure   Level
 Scorch                   Fire           16%        2d6       28%         2


Dungeon Overview and Level Annotations

Branches:
Dungeon (2/15)

Altars:

Annotations:
D:2 Sigmund


Innate Abilities, Weirdness & Mutations

Your natural rate of healing is accelerated.
You have razor-sharp teeth.
You have supernaturally acute eyesight. (SInv)
You are afflicted with vampirism.


Message History

Tha bat hits ye.
Sigmund hits ye from afar wit' a +0 scytha!
Ye take 9 damage, an' haf 9/23 hp.
MASSIVE DAMAGE!!
It was a potion o' berserk rage.
A red film seems ta co'er yer vision as ye go berserk!
Ye feel yerself movin' faster!
Ye feel mighty!
Tha bat barely misses ye.
Tha bat hits ye but does nay damage.
Sigmund hits ye from afar wit' a +0 scytha!
* * * LOW HITPOINT WARNIN'
* * * Ye now haf 6/34hp.
Ye feel a strong urge ta attack somethin'.
Tha bat hits ye but does nay damage.
Tha bat closely misses ye.
Thar be a stone staircase leadin' up 'ere.
Ye feel yer anger nearly subside.
Tha bat hits ye but does nay damage.
Tha goblin hits ye wit' a +0 club.
* * * LOW HITPOINT WARNIN'
* * * Sigmund casts a spell at ye.
Ye resist wit' significant effort.
Ye take 4 damage, an' haf 3/34 hp.
Ye be nay longer berserk.
Ye be 'shausted.
Ye feel yerself slow down.
Sigmund points at ye an' mumbles some strange words.
Ye resist wit' significant effort.
Ye now haf 2/23 hp.
Tha bat closely misses ye.
Sigmund closely misses ye.
Ye feel less confused.
Tha bat hits ye but does nay damage.
Sigmund hits ye but does nay damage.
Tha goblin hits ye but does nay damage.
Ye begin ta rise inta tha air.
Tha bat closely misses ye.
Sigmund closely misses ye.
Tha goblin hits ye but does nay damage.
Wit' a burst o' heat an' light, ye rocket upward!
Thar be a shaft 'ere.
Ye start restin'.
Ye feel yerself speed up.
Ye reco'er from yer berserk rage.
HP restored.
Health restored: 23 Be ye sure ye want ta abandon 'tis character an' quit tha game? (Confirm wit' "aye".)

#.........####
#.###.###.#
#.# #.# #.#
#.# #.# #.#
#.# #.# #.#
#.#
#.###.########
#.#
#.##..†.......
#.#
#.....########
#@# #####.#
#.# #.# #.#
#.#
#.#######.#
#.........#
###########


There were no monsters in sight!

Vanquished Creatures
  A dart slug (D:1)
  4 goblins (D:1)
  A hobgoblin (D:1)
  2 kobolds (D:1)
  A bat (D:1)
  2 rats (D:1)
  A spectral goblin (D:1)
12 creatures vanquished.

Notes
Turn   | Place    | Note
-------+----------+-------------------------------------------
     0 | D:1      | ProzacElf the Vampire Cinder Acolyte began the quest for
                  | the Orb.
     0 | D:1      | Reached XP level 1. HP: 17/17 MP: 2/2
    71 | D:1      | Found a faded altar of an unknown god.
   257 | D:1      | Reached skill level 1 in Stealth
   311 | D:1      | Reached XP level 2. HP: 17/23 MP: 3/3
   701 | D:2      | Noticed Sigmund
   779 | D:1      | Quit the game

Illustrated notes

Levels and vault maps discovered:
D:1:      minmay_arrival_semitransparent, layout_loops_ring,
          dreamdust_ecumenical_altar_drowned_temple
D:2:      layout_rooms, basic_altar, uniq_sigmund

Skill      XL: |  1  2 |
---------------+-------+-----
Stealth        | 1 2 |  2.2
Fighting       | |  2.6
Long Blades    | |  3.3
Spellcasting   | |  1.0
Fire Magic     | |  2.4

Action                   || total
-------------------------++-------
Melee: Falchion          ||    38
       Bite              ||     2
Invok: Rising Flame      ||     1
  Use: Potion            ||     1
Armor: Robe              ||     5
       Ring mail         ||    14
Dodge: Dodged            ||    21
